 Dungeon Crawl Stone Soup version 0.13-a0-2496-g11650dd (webtiles) character file.

57179 Drahman the Prestidigitator (level 14, -2/119 HPs)
             Began as a Grey Draconian Monk on July 21, 2013.
             Was the Champion of Nemelex Xobeh.
             Killed from afar by a fire drake (28 damage)
             ... with a blast of flame
             ... on Level 6 of the Lair of Beasts on July 22, 2013.
             The game lasted 03:29:06 (42152 turns).

Drahman the Prestidigitator (Grey Draconian Monk)  Turns: 42152, Time: 03:29:07

HP  -2/119       AC 14     Str 15      XL: 14   Next: 40%
MP  29/29        EV 26     Int 11      God: Nemelex Xobeh [******]
Gold 1197        SH  0     Dex 17      Spells:  5 memorised, 15 levels left

Res.Fire  : . . .   See Invis. : .     - Unarmed
Res.Cold  : + . .   Warding    : .   (armour unavailable)
Life Prot.: . . .   Conserve   : .   (no shield)
Res.Poison: +       Res.Corr.  : .   (helmet restricted)
Res.Elec. : .       Clarity    : +   O - +0 cloak
Sust.Abil.: . .     Spirit.Shd : .   (no gloves)
Res.Mut.  : .       Stasis     : .   (no boots)
Res.Rott. : .       Flight     : .   t - cursed amulet of clarity
Saprovore : . . .                    B - cursed +6 ring of evasion
                                     d - ring of wizardry

@: quick, somewhat resistant to hostile enchantments, stealthy
A: walk through water, unfitting armour, antennae 1, cold resistance 1, speed 1,
poison resistance, regeneration 1, unbreathing, AC +13, Str -1, Dex +1
a: Draw One, Peek at Two, Triple Draw, Deal Four, Stack Five, Renounce Religion


You were on level 6 of the Lair of Beasts.
You worshipped Nemelex Xobeh.
Nemelex Xobeh was exalted by your worship.
You were very hungry.

You visited 4 branches of the dungeon, and saw 24 of its levels.

You collected 1997 gold pieces.
You spent 800 gold pieces at shops.

Inventory:

Armour
 O - a +0 cloak (worn)
Magical devices
 a - a wand of lightning (10)
 g - a wand of enslavement (0)
 l - a wand of draining (3)
 p - a wand of flame (4)
 q - a wand of slowing (13)
 u - a wand of polymorph (5) {unknown}
 w - a wand of invisibility (3)
 C - a wand of disintegration (5)
 U - a wand of cold (5)
 V - a wand of slowing (6)
 W - a wand of heal wounds (3)
 Y - a wand of magic darts (9)
Comestibles
 j - 7 meat rations
 n - a pear
Scrolls
 b - a scroll of magic mapping
 c - 3 scrolls of identify
 e - a scroll of fear
 i - 10 scrolls of teleportation
 s - 2 scrolls of blinking
 Z - 6 scrolls of remove curse
Jewellery
 d - a ring of wizardry (left hand)
 t - a cursed amulet of clarity (around neck)
 y - an uncursed ring of ice
 B - a cursed +6 ring of evasion (right hand)
 D - an uncursed amulet of warding
 N - an uncursed ring of protection from magic
Potions
 o - a potion of berserk rage
 v - 2 potions of might
 E - a potion of flight
 G - a potion of invisibility
 Q - 3 potions of curing
 T - a potion of speed
Miscellaneous
 f - a legendary deck of destruction {drawn: 5}
 h - a legendary deck of summonings {drawn: 4}
 m - a fan of gales (inert)
 x - an ornate deck of dungeons {drawn: 1}
 z - an ornate deck of escape {drawn: 1}
 F - an ornate deck of escape {drawn: 1}
 J - a plain deck of escape {drawn: 3}
 L - an ornate deck of summonings {drawn: 5}
 M - a legendary deck of escape {drawn: 1}
Rods
 P - a +2 rod of demonology (10/10)
   (You found it on level 5 of the Lair of Beasts)


   Skills:
 + Level 12.0 Fighting
 + Level 10.5 Dodging
 - Level 4.5 Stealth
 + Level 11.2 Unarmed Combat
 + Level 7.7 Spellcasting
 + Level 3.8 Translocations
 + Level 9.3 Earth Magic
 - Level 13.3 Evocations


You had 15 spell levels left.
You knew the following spells:

 Your Spells              Type           Power        Failure   Level  Hunger
a - Cure Poison           Pois           #.........   12%         2    #......
b - Dig                   Erth           ###.....     1%          4    ####...
c - Flight                Chrm/Air       #.........   28%         3    ###....
d - Shroud of Golubria    Chrm/Tloc      #.........   5%          2    #......
e - Song of Slaying       Chrm           #.........   12%         2    #......


Dungeon Overview and Level Annotations

Branches:
Dungeon (13/27)            Temple (1/1) D:6             Orc (4/4) D:6
    Elf (0/3) Orc:3          Lair (6/8) D:13          Swamp (0/5) Lair:5
  Snake (0/5) Lair:5
  Slime: Lair:6-8

Altars:
Ashenzari
Cheibriados
Elyvilon
Fedhas
Kikubaaqudgha
Makhleb
Nemelex Xobeh
Okawaru
Sif Muna
Trog
Vehumet
Xom
Yredelemnul
Zin
the Shining One
Beogh

Shops:
D:8: } Orc:4: /*%[%

Annotations
D:4 Restia's ghost, experienced TeFi


Innate Abilities, Weirdness & Mutations

You can walk through water.
Your dull iron-grey scales are very hard (AC +13).
Your body does not fit into most forms of armour.
Your cold-blooded metabolism reacts poorly to cold.
You can survive without breathing.
You have a pair of small antennae on your head.
Your flesh is cold resistant.
You cover ground quickly.
Your muscles are flexible, but weak (Str -1, Dex +1).
Your system is resistant to poisons.
Your natural rate of healing is unusually fast.


Message History

A fire drake comes into view.
The fire drake hisses menacingly.
The fire drake breathes fire at you. The blast of flame misses you.
Evoke which item? (* to show all) (? for menu, Esc to quit)
Zapping:
g - a wand of enslavement (2)
Press: ? - help, Shift-Dir - straight line, f - elephant
Aim: an elephant The elephant resists with some effort.
This wand has 1 charge left.
Evoke which item? (* to show all) (? for menu, Esc to quit)
That item cannot be evoked!
Evoke which item? (* to show all) (? for menu, Esc to quit)
Zapping:
g - a wand of enslavement (1)
Press: ? - help, Shift-Dir - straight line, f/p - elephant
Aim: an elephant The elephant resists with some effort.
This wand has 0 charges left.
The fire drake breathes fire at you. The blast of flame hits you!
You die...
Your body glows with a rainbow of weird colours and disappears.

###.f.P#.........
###......#.........
###..................
#.........<..........
#........P........
##....Y.........
#..............
#.............
###...@..l......
#..............
##.P..........
##...........
#...........
###.........
#.#........
##.........
#...........


You could see an elephant and a fire drake.

Vanquished Creatures
  3 hydras
  Fannar (Lair:4)
  Josephine (D:12)
  Nessos (Orc:4)
  Erica (Lair:1)
  A centaur warrior (D:13)
  The ghost of 4tharraofdagon the Basher, an experienced GrBe of Trog (D:12)
  3 death yaks (Lair:6)
  4 orc high priests (Orc:4)
  A slime creature (D:12)
  Erolcha (D:10)
  An unseen horror (D:12)
  3 hill giants
  The ghost of Bikaver the Cudgeler, an experienced HOAK of Lugonu (D:5)
  An orc knight (Orc:1)
  4 orc sorcerers
  4 oklob plants
  A cyclops (D:11)
  4 elephants (Lair:6)
  Maurice (D:11)
  9 spiny frogs
  A queen ant (D:10)
  The ghost of Somebody the Thaumaturge, an experienced DEWz of Sif Muna (D:6)
  Psyche (D:10)
  A fire drake (Lair:4)
  4 trolls
  2 komodo dragons
  A spriggan (D:7)
  Prince Ribbit (Lair:1)
  25 blink frogs
  A hydra skeleton (D:10)
  A two-headed ogre (Orc:4)
  2 shadows
  2 sharks (D:12)
  A water elemental (D:12)
  32 yaks
  5 ugly things
  A hungry ghost (D:11)
  A wyvern (D:12)
  Eustachio (D:10)
  An elephant slug (Lair:6)
  2 steam dragons
  8 vampire mosquitoes (Lair:6)
  2 manticores
  A hippogriff (Lair:4)
  Edmund (D:8)
  12 wolves
  3 phantoms
  5 ice beasts
  18 soldier ants
  5 porcupines
  5 sky beasts
  5 black bears
  18 orc warriors
  2 yellow wasps
  7 ogres
  A giant goldfish (D:12)
  2 centaurs
  3 boring beetles (D:13)
  3 nagas (Lair:5)
  8 crocodiles
  2 giant slugs
  2 wargs
  10 giant frogs
  10 water moccasins
  A cyclops zombie (D:12)
  5 agate snails
  An insubstantial wisp (Lair:5)
  A troll zombie (D:11)
  10 killer bees
  2 eyes of draining (D:11)
  4 electric eels
  3 goliath beetles
  A hippogriff skeleton (D:12)
  The ghost of JogiH the Vexing, a weakling DjEn (D:3)
  A centaur zombie (D:7)
  A giant frog zombie (D:11)
  4 crimson imps
  7 hounds
  A giant frog skeleton (D:10)
  32 orc priests
  A basilisk zombie (D:11)
  5 scorpions
  40 orc wizards
  5 iguanas
  25 worker ants
  An ogre zombie (D:10)
  A basilisk simulacrum (D:12)
  A giant frog simulacrum (D:12)
  An ogre skeleton (D:7)
  4 jellies
  A big kobold skeleton (D:10)
  A hound zombie (D:9)
  21 adders
  5 giant centipedes
  4 gnolls (D:5)
  An inept feature mimic (D:7)
  5 giant mites
  A goliath beetle zombie (D:10)
  A white imp (D:10)
  A shadow imp (D:6)
  5 worms
  A giant centipede zombie (D:12)
  2 adder skeletons
  2 giant eyeballs (D:7)
  209 orcs
  A ball python (D:2)
  19 bats
  A bat zombie (D:4)
  22 hobgoblins
  28 jackals
  8 quokkas
  6 giant cockroaches
  7 giant geckos
  27 goblins
  22 kobolds
  2 kobold skeletons (D:7)
  A kobold zombie (D:6)
  2 orc zombies (Orc:3)
  26 rats
  A rat skeleton (D:4)
  A rat zombie (D:7)
  24 ballistomycetes (D:10)
  A fungus (Lair:5)
885 creatures vanquished.

Vanquished Creatures (collateral kills)
  A hydra (Lair:1)
  2 death yaks (Lair:6)
  2 orc knights (Orc:1)
  An oklob plant (Lair:4)
  A spiny frog (Lair:4)
  2 elephants (Lair:6)
  2 komodo dragons
  A hydra zombie (D:11)
  A troll (D:13)
  A dragon zombie (D:12)
  A blink frog (Lair:4)
  2 giant fireflies (Lair:3)
  2 hill giant skeletons (D:12)
  2 soldier ants (D:10)
  3 orc warriors
  An ice beast (D:13)
  2 yellow wasps (Lair:4)
  Blork the orc (Orc:1)
  A cyclops skeleton (D:12)
  An orc priest (Orc:1)
  An orc wizard (Orc:4)
  3 worker ants (D:10)
  An ogre zombie (D:10)
  A big kobold skeleton (D:11)
  12 orcs
  2 goblins
  A rat (Lair:1)
51 creatures vanquished.

Vanquished Creatures (others)
  A soul eater (Lair:4)
  A skeletal warrior (Orc:4)
  3 dancing weapons
  3 giant fireflies (Lair:3)
  3 ugly things
  A chaos spawn (Lair:1)
  A yellow wasp (Lair:4)
  A crimson imp (D:11)
  A centaur skeleton (D:12)
  A hound (D:12)
  2 quasits
  An ogre skeleton (Orc:1)
  2 shadow imps
  An adder skeleton (D:9)
  An orc (Orc:1)
  A giant spore (D:10)
  An orc zombie (Orc:3)
  A fungus (Lair:5)
26 creatures vanquished.

Grand Total: 962 creatures vanquished

Notes
Turn   | Place    | Note
--------------------------------------------------------------
     0 | D:1      | Drahman, the Draconian Monk, began the quest for the Orb.
     0 | D:1      | Reached XP level 1. HP: 17/17 MP: 0/0
   101 | D:1      | Reached XP level 2. HP: 9/24 MP: 1/1
   726 | D:2      | Reached XP level 3. HP: 27/30 MP: 2/2
  1404 | D:2      | Reached XP level 4. HP: 20/38 MP: 3/3
  2884 | D:3      | Noticed JogiH's ghost (weakling DjEn)
  2910 | D:3      | Killed JogiH's ghost
  2910 | D:3      | Reached XP level 5. HP: 35/44 MP: 4/4
  3537 | D:4      | Noticed an orc warrior
  3911 | D:4      | HP: 2/44 [poisoned by a scorpion]
  4180 | D:4      | Noticed an ogre
  4200 | D:4      | Killed an ogre
  4200 | D:4      | Reached XP level 6. HP: 24/51 MP: 5/5
  4397 | D:4      | Noticed Restia's ghost (experienced TeFi)
  4414 | D:4      | Reached skill level 5 in Unarmed Combat
  5539 | D:3      | Killed an orc warrior
  5539 | D:3      | Reached skill level 5 in Fighting
  5879 | D:4      | Got a pitted hand axe
  5953 | D:5      | Entered Level 5 of the Dungeon
  6081 | D:5      | Your scales start taking on a dull iron-grey colour.
  6081 | D:5      | Gained mutation: You can survive without breathing. [draconian maturity]
  6081 | D:5      | Reached XP level 7. HP: 52/58 MP: 6/6
  6166 | D:5      | Noticed Bikaver's ghost (experienced HOAK)
  6212 | D:5      | Killed Bikaver's ghost
  6665 | D:5      | Reached skill level 6 in Fighting
  6665 | D:5      | Reached skill level 5 in Dodging
  6665 | D:5      | Reached XP level 8. HP: 27/67 MP: 10/10
  7539 | D:6      | Noticed Somebody's ghost (experienced DEWz)
  7943 | D:6      | Found a staircase to the Orcish Mines.
  8450 | D:6      | Found a staircase to the Ecumenical Temple.
  8460 | Temple   | Entered the Ecumenical Temple
  8567 | Temple   | Became a worshipper of Nemelex Xobeh
  8567 | Temple   | Received a gift from Nemelex Xobeh
  8567 | Temple   | Acquired Nemelex Xobeh's first power
  8614 | Temple   | Acquired Nemelex Xobeh's second power
  8762 | D:6      | Killed Somebody's ghost
  8925 | D:7      | Acquired Nemelex Xobeh's third power
  8969 | D:7      | Noticed a spriggan baker
  8980 | D:7      | Killed a spriggan baker
  8980 | D:7      | Reached skill level 7 in Fighting
  9053 | D:7      | Reached skill level 5 in Evocations
  9063 | D:7      | Received a gift from Nemelex Xobeh
  9309 | D:7      | Reached XP level 9. HP: 73/73 MP: 15/15
  9481 | D:7      | Paralysed by a giant eyeball for 3 turns
  9875 | D:7      | Received a gift from Nemelex Xobeh
 10128 | D:8      | Found Khodit's Gadget Boutique.
 10135 | D:8      | Bought a plain deck of changes for 420 gold pieces
 10148 | D:8      | Gained mutation: You are frail (-10% HP). [helix card]
 10149 | D:8      | Lost mutation: You are frail (-10% HP). [helix card]
 10149 | D:8      | Gained mutation: Your flesh is cold resistant. [helix card]
 10383 | D:8      | Received a gift from Nemelex Xobeh
 10430 | D:8      | Noticed Edmund
 10441 | D:8      | Killed Edmund
 10492 | D:8      | Found a sparkling altar of Nemelex Xobeh.
 10782 | D:8      | Gained mutation: You have large cloven feet. [potion of beneficial mutation]
 10968 | D:9      | Acquired Nemelex Xobeh's fourth power
 10989 | D:9      | Received a gift from Nemelex Xobeh
 11254 | D:9      | Reached skill level 8 in Fighting
 11577 | D:10     | Entered Level 10 of the Dungeon
 11793 | D:9      | Reached XP level 10. HP: 47/83 MP: 17/20
 12101 | D:10     | XOM: confuse monster(s)
 12148 | D:10     | Received a gift from Nemelex Xobeh
 12387 | D:10     | Noticed Psyche
 12394 | D:10     | Paralysed by Psyche for 7 turns
 12405 | D:10     | Killed Psyche
 12440 | D:10     | Acquired Nemelex Xobeh's fifth power
 12859 | D:10     | Noticed a hill giant
 12868 | D:10     | Received a gift from Nemelex Xobeh
 12872 | D:10     | Killed a hill giant
 12872 | D:10     | Reached skill level 1 in Spellcasting
 12872 | D:10     | Reached skill level 9 in Evocations
 13126 | D:10     | Noticed Erolcha
 13208 | D:10     | Lost mutation: You have large cloven feet. [helix card]
 13208 | D:10     | Gained mutation: You occasionally shout uncontrollably. [helix card]
 13229 | D:10     | Received a gift from Nemelex Xobeh
 13235 | D:10     | Killed Erolcha
 13697 | D:10     | Noticed Eustachio
 13706 | D:10     | Killed Eustachio
 13706 | D:10     | Reached XP level 11. HP: 91/91 MP: 21/23
 13728 | D:10     | Reached skill level 10 in Evocations
 13965 | D:10     | Noticed a queen ant
 14632 | D:10     | Noticed a hill giant
 14659 | D:9      | Killed a hill giant
 16055 | D:10     | Received a gift from Nemelex Xobeh
 17253 | D:10     | Killed a queen ant
 17768 | Orc:1    | Entered Level 1 of the Orcish Mines
 17911 | Orc:1    | Received a gift from Nemelex Xobeh
 17953 | Orc:1    | Reached skill level 11 in Evocations
 18630 | Orc:2    | Received a gift from Nemelex Xobeh
 19340 | Orc:2    | Received a gift from Nemelex Xobeh
 19463 | Orc:1    | Found a roughly hewn altar of Beogh.
 19779 | Orc:1    | Noticed Blork the orc
 19810 | Orc:1    | Killed Blork the orc
 20162 | Orc:1    | Received a gift from Nemelex Xobeh
 20178 | Orc:1    | Noticed a red very ugly thing
 20669 | Orc:3    | Found a bloodstained altar of Trog.
 20703 | Orc:2    | Reached skill level 10 in Fighting
 21014 | Orc:2    | Received a gift from Nemelex Xobeh
 21021 | Orc:2    | Lost mutation: You occasionally shout uncontrollably. [helix card]
 21021 | Orc:2    | Gained mutation: Your muscles are flexible, but weak (Str -1, Dex +1). [helix card]
 21926 | Orc:2    | Received a gift from Nemelex Xobeh
 22050 | Orc:3    | Found a staircase to the Elven Halls.
 22394 | Orc:3    | Received a gift from Nemelex Xobeh
 22518 | Orc:4    | Entered Level 4 of the Orcish Mines
 22524 | Orc:4    | Reached XP level 12. HP: 98/101 MP: 18/26
 22524 | Orc:4    | Received a gift from Nemelex Xobeh
 22612 | Orc:3    | HP: 5/101 [poisoned by you (toxic radiance)]
 22617 | Orc:3    | HP: 3/101 [poisoned by you (toxic radiance)]
 22624 | Orc:3    | HP: 1/101 [poisoned by you (toxic radiance)]
 22630 | Orc:3    | HP: 2/101 [poisoned by you (toxic radiance)]
 23020 | Orc:3    | Learned a level 2 spell: Cure Poison
 23025 | Orc:3    | Learned a level 4 spell: Dig
 23370 | Orc:4    | Received a gift from Nemelex Xobeh
 23415 | Orc:4    | Found Cleapn's Food Emporium.
 23423 | Orc:4    | Bought a bread ration for 40 gold pieces
 23423 | Orc:4    | Bought a bread ration for 40 gold pieces
 23423 | Orc:4    | Bought a bread ration for 40 gold pieces
 23423 | Orc:4    | Bought a meat ration for 40 gold pieces
 23423 | Orc:4    | Bought a bread ration for 40 gold pieces
 23423 | Orc:4    | Bought a bread ration for 40 gold pieces
 23441 | Orc:4    | Received a gift from Nemelex Xobeh
 23646 | Orc:4    | Noticed Nessos
 23654 | Orc:4    | Received a gift from Nemelex Xobeh
 24007 | Orc:2    | Reached skill level 1 in Earth Magic
 24171 | Orc:4    | Noticed an orc high priest
 24176 | Orc:4    | Received a gift from Nemelex Xobeh
 24177 | Orc:4    | Killed an orc high priest
 24454 | Orc:4    | Killed Nessos
 24459 | Orc:4    | Received a gift from Nemelex Xobeh
 24464 | Orc:4    | Noticed an orc high priest
 24467 | Orc:4    | Killed an orc high priest
 24467 | Orc:4    | Reached skill level 12 in Evocations
 24482 | Orc:4    | Received a gift from Nemelex Xobeh
 24955 | Orc:4    | Noticed an orc high priest
 24956 | Orc:4    | Killed an orc high priest
 24989 | Orc:4    | Received a gift from Nemelex Xobeh
 25047 | Orc:4    | Noticed an orc high priest
 25050 | Orc:4    | Killed an orc high priest
 25547 | Orc:4    | Reached skill level 5 in Spellcasting
 25810 | Orc:4    | Received a gift from Nemelex Xobeh
 25876 | Orc:4    | Found Tisoosut's Magical Wand Shoppe.
 25879 | Orc:4    | Found Kegies' General Store.
 25976 | Orc:4    | Found Chaqav's Antique Armour Emporium.
 25979 | Orc:4    | Found Cujusem's Food Emporium.
 25985 | Orc:4    | Bought a potion of restore abilities for 42 gold pieces
 25985 | Orc:4    | Bought a scroll of teleportation for 42 gold pieces
 25985 | Orc:4    | Bought a potion of curing for 28 gold pieces
 25985 | Orc:4    | Bought a scroll of identify for 28 gold pieces
 26449 | Orc:4    | Reached skill level 10 in Unarmed Combat
 26660 | D:11     | Upgraded the game from 0.13-a0-2485-g242ae62 to 0.13-a0-2496-g11650dd
 27079 | D:11     | Reached skill level 5 in Earth Magic
 27281 | D:11     | Received a gift from Nemelex Xobeh
 27754 | D:11     | Noticed Maurice
 27774 | D:11     | Killed Maurice
 28039 | D:12     | Noticed 4tharraofdagon's ghost (experienced GrBe)
 28259 | D:12     | Noticed Josephine
 28283 | D:12     | Killed Josephine
 28807 | D:12     | Received a gift from Nemelex Xobeh
 29464 | D:12     | Killed 4tharraofdagon's ghost
 29492 | D:12     | Received a gift from Nemelex Xobeh
 29494 | D:12     | Reached XP level 13. HP: 9/108 MP: 18/28
 32211 | D:13     | Received a gift from Nemelex Xobeh
 32215 | D:13     | Found a staircase to the Lair.
 32618 | D:13     | Found a glowing golden altar of the Shining One.
 32874 | Lair:1   | Entered Level 1 of the Lair of Beasts
 33467 | Lair:1   | Received a gift from Nemelex Xobeh
 33916 | Lair:1   | Noticed Erica
 33940 | Lair:1   | Killed Erica
 33946 | Lair:1   | Noticed Prince Ribbit
 33953 | Lair:1   | Killed Prince Ribbit
 34013 | Lair:1   | Reached skill level 13 in Evocations
 34458 | Lair:1   | Learned a level 3 spell: Flight
 35587 | Lair:3   | Learned a level 2 spell: Shroud of Golubria
 35590 | Lair:3   | Learned a level 2 spell: Song of Slaying
 36633 | Lair:4   | Received a gift from Nemelex Xobeh
 36984 | Lair:4   | Noticed Fannar
 36992 | Lair:4   | Killed Fannar
 36992 | Lair:4   | Reached skill level 1 in Translocations
 37177 | Lair:4   | Reached skill level 10 in Dodging
 37261 | Lair:4   | Gained mutation: You cover ground quickly. [potion of mutation]
 37261 | Lair:4   | Gained mutation: You have a pair of small antennae on your head. [potion of mutation]
 37261 | Lair:4   | Gained mutation: Your natural rate of healing is unusually fast. [potion of mutation]
 37564 | Lair:4   | Received a gift from Nemelex Xobeh
 38590 | Lair:4   | Noticed a bone dragon
 39020 | Lair:4   | Reached XP level 14. HP: 118/118 MP: 29/29
 39290 | Lair:5   | Received a gift from Nemelex Xobeh
 39512 | Lair:5   | Found a staircase to the Snake Pit.
 39632 | Lair:5   | Gained mutation: Your system is resistant to poisons. [potion of beneficial mutation]
 39915 | Lair:5   | Identified a +1 rod of demonology (9/9) (You found it on level 5 of the Lair of Beasts)
 40207 | Lair:5   | Found a staircase to the Swamp.
 41654 | Lair:6   | Received a gift from Nemelex Xobeh
 42152 | Lair:6   | Killed from afar by a fire drake

Action                   |  1- 3 |  4- 6 |  7- 9 | 10-12 | 13-15 || total
-------------------------+-------+-------+-------+-------+-------++-------
Melee: Unarmed           |   140 |   305 |   492 |  1823 |  1428 ||  4188
Throw: Dart              |       |       |    15 |       |       ||    15
 Cast: Cure Poison       |       |       |       |     1 |       ||     1
       Song of Slaying   |       |       |       |       |     1 ||     1
Invok: Draw One          |       |       |    29 |   132 |    37 ||   198
       Peek at Two       |       |       |     2 |    10 |     4 ||    16
       Triple Draw       |       |       |       |     4 |     1 ||     5
Evoke: Wand              |       |     5 |     7 |    29 |    40 ||    81
       Miscellaneous     |       |       |       |     1 |     1 ||     2
  Use: Potion            |       |    14 |     6 |     6 |     4 ||    30
       Scroll            |       |     6 |    16 |     2 |    14 ||    38
 Stab: Sleeping          |     2 |     3 |    11 |     9 |     8 ||    33
       Invisible         |       |     4 |       |     2 |       ||     6
       Confused          |       |       |       |     1 |       ||     1
       Distracted        |       |       |       |     2 |     6 ||     8
